 Dungeon Crawl Stone Soup version 0.26-a0-708-g17f3b19 (webtiles) character file.

Game seed: 15902615062089211294

6517 BarneyGumball the Arsonist (level 10, 0/69 HPs)
             Began as a Green Draconian Fire Elementalist on Oct 28, 2020.
             Was a Priest of Vehumet.
             Slain by a yak (13 damage)
             ... on level 9 of the Dungeon.
             The game lasted 00:46:17 (12323 turns).

BarneyGumball the Arsonist (DrFE)                  Turns: 12323, Time: 00:46:17

Health: 0/69       AC: 10    Str: 17    XL:     10   Next: 69%
Magic:  0/20       EV: 12    Int: 18    God:    Vehumet [***...]
Gold:   204        SH:  0    Dex:  8    Spells: 13/22 levels left

rFire    . . .     SeeInvis .   i - -1 quarterstaff (curse)
rCold    . . .     Faith    .   (shield currently unavailable)
rNeg     . . .     Spirit   .   (armour unavailable)
rPois    +         Reflect  .   (helmet restricted)
rElec    .         Harm     .   n - scarf {+Inv}
rCorr    .         Rampage  .   h - +1 pair of gloves
MR       .....                  r - +0 pair of boots
Stlth    ++........             (no amulet)
HPRegen  0.21/turn              l - +6 ring of strength
MPRegen  0.17/turn              B - -4 ring of dexterity (curse)

@: no status effects
A: breathe noxious fumes, unfitting armour, poison resistance, cold-blooded, AC
+7
a: Breathe Noxious Fumes, Renounce Religion, Evoke Invisibility


You were on level 9 of the Dungeon.
You worshipped Vehumet.
Vehumet was most pleased with you.
You visited 1 branch of the dungeon, and saw 9 of its levels.

You collected 540 gold pieces.
You spent 336 gold pieces at shops.

Inventory:

Hand Weapons
 a - a +0 dagger
 i - a cursed -1 quarterstaff (weapon)
Missiles
 G - a throwing net (quivered)
Armour
 h - a +1 pair of gloves (worn)
 n - a scarf of invisibility (worn)
 r - a +0 pair of boots (worn)
Jewellery
 l - a +6 ring of strength (left hand)
 B - a cursed -4 ring of dexterity (right hand)
 C - an uncursed ring of positive energy {unknown}
 F - an uncursed amulet of faith {unknown}
 K - an uncursed amulet of guardian spirit {unknown}
 L - a cursed -4 ring of protection {unknown}
Wands
 k - a wand of paralysis (11)
 A - a wand of iceblast (16)
 J - a wand of acid (10)
Scrolls
 e - a scroll of fear {unknown}
 f - 4 scrolls of teleportation
 g - 5 scrolls of amnesia
 m - 9 scrolls of identify {unknown}
 o - 3 scrolls of immolation
 q - a scroll of random uselessness
 t - 7 scrolls of remove curse
 u - a scroll of enchant weapon {unknown}
 x - 5 scrolls of magic mapping
 y - a scroll of blinking {unknown}
 z - 3 scrolls of fog
 H - 2 scrolls of noise
 I - 2 scrolls of summoning
Potions
 b - 3 potions of curing
 c - a potion of might {unknown}
 d - 3 potions of stabbing {unknown}
 j - a potion of ambrosia {unknown}
 p - a potion of magic {unknown}
 s - a potion of brilliance {unknown}
 v - a potion of haste {unknown}
 w - a potion of degeneration {unknown}
 D - a potion of experience {unknown}
 E - 3 potions of flight {unknown}


   Skills:
 - Level 3.2 Staves
 - Level 1.7 Dodging
 - Level 1.7 Stealth
 + Level 6.8 Spellcasting
 * Level 10.1 Conjurations
 * Level 10.5 Fire Magic


You had 13 spell levels left.
You knew the following spells:

 Your Spells              Type           Power        Failure   Level
a - Foxfire               Conj/Fire      ####         1%          1
b - Conjure Flame         Conj/Fire      #####...     1%          3
c - Sticky Flame          Conj/Fire      #####...     1%          4
d - Apportation           Tloc           #.....       11%         1

Your spell library contained the following spells:

 Spells                   Type           Power        Failure   Level
 Searing Ray              Conj           #####.       1%          2
 Inner Flame              Hex/Fire       ####....     1%          3
 Fireball                 Conj/Fire      #####.....   1%          5
 Animate Skeleton         Necr           #.....       11%         1
 Corona                   Hex            #......      11%         1
 Summon Small Mammal      Summ           #...         11%         1


Dungeon Overview and Level Annotations

Branches:
Dungeon (9/15)             Temple (0/1) D:5
   Lair: D:8-11         Orc: D:9-12

Altars:
Cheibriados
Fedhas
Kikubaaqudgha
Qazlal
Sif Muna
Uskayaw
Vehumet
Wu Jian
Yredelemnul
The Shining One

Shops:
D:5 (   D:9 ?


Innate Abilities, Weirdness & Mutations

You can breathe blasts of noxious fumes.
Your lurid green scales are hard. (AC +7)
You cannot fit into any form of body armour.
Your system is resistant to poisons. (rPois)
You are cold-blooded and may be slowed by cold attacks.


Message History

The yak is covered in liquid flames!
The yak burns! x2
The yak closely misses you. The yak gores you but does no damage.
Casting: Sticky Flame (safe; 1% risk of failure)
Confirm with . or Enter, or press ? or * to list all spells.
Nothing appears to happen.
The yak burns! x2; The yak gores you! x2
* * * LOW HITPOINT WARNING * * *
As you read the scroll labeled FUFELES NYGGU, it crumbles to dust.
The scroll dissolves into smoke.
It was a scroll of fog.
The yak burns!
You kill the yak!
Vehumet accepts your kill.
The yak burns!
The yak gores you but does no damage.
As you read the scroll labeled CEOHETH ZANOGEMI, it crumbles to dust.
Your cursed -1 quarterstaff glows gleaming rubric for a moment.
It was a scroll of random uselessness.
The yak burns!
The yak gores you.
* * * LOW HITPOINT WARNING * * *
The yak gores you!
* * * LOW HITPOINT WARNING * * *
It was a potion of curing.
You feel better.
The yak burns!
The yak misses you. The yak gores you!
You die...

.............#......####.#.#.♣.♣.
.............#......# ##.#.#.._..
..)..........#......# #....#.♣.♣.
.Y###........#####.####.####.....
..'∩'.............).....##.###'##
†.###..........).).....###.#<...†
......###......§§#)##.## #.######
......# ##..####Y#Y##.# #..#
.####.# #...# #@#.##.# #..#### Y#
#.# #.#.###Y#.##.####.....# .#
#.# #.....§§§.....))...#.##
.####.#######.##.#.##.#####.#.###
............Y....#.##.......#....
........######.###.##############
........# ###..##.# # ........#
#......)# # ........####.......#
#


You could see 2 yaks.

Vanquished Creatures
  2 two-headed ogres
  Joseph (D:9)
  A troll (D:6)
  Prince Ribbit (D:8)
  4 yaks (D:9)
  3 orc warriors
  2 black bears (D:8)
  2 sky beasts
  3 ice beasts
  A necrophage (D:8)
  A phantom (D:7)
  5 ogres
  A centaur (D:8)
  A big kobold (D:8)
  A bullfrog (D:8)
  A water moccasin zombie (D:6)
  6 scorpions
  3 killer bees (D:8)
  4 wights
  3 howler monkeys
  2 jellies
  7 electric eels (D:8)
  3 hounds
  6 bullfrog skeletons
  6 orc priests
  8 orc wizards
  2 iguanas
  4 worker ants
  A killer bee zombie (D:5)
  A hound skeleton (D:4)
  A worker ant zombie (D:5)
  4 gnolls
  A howler monkey skeleton (D:4)
  9 adders
  3 shadow imps
  An ufetubus (D:9)
  An ooze (D:1)
  An adder skeleton (D:7)
  3 worms
  2 dart slugs (D:2)
  3 leopard geckos
  21 orcs
  4 giant cockroaches
  5 goblins
  12 hobgoblins
  8 kobolds
  4 quokkas
  4 ball pythons
  7 bats
  7 frilled lizards
  A jackal zombie (D:4)
  6 rats
194 creatures vanquished.

Vanquished Creatures (collateral kills)
  10 foxfires
10 creatures vanquished.

Vanquished Creatures (others)
  771 foxfires
  53 plants
  A withered plant (D:5)
825 creatures vanquished.

Grand Total: 1029 creatures vanquished

Notes
Turn   | Place    | Note
-------+----------+-------------------------------------------
     0 | D:1      | BarneyGumball the Draconian Fire Elementalist began the
                  | quest for the Orb.
     0 | D:1      | Reached XP level 1. HP: 14/14 MP: 3/3
    79 | D:1      | Reached XP level 2. HP: 20/20 MP: 0/5
  1045 | D:2      | Reached XP level 3. HP: 26/26 MP: 4/6
  1323 | D:1      | Reached XP level 4. HP: 12/33 MP: 1/7
  1636 | D:2      | Learned a level 3 spell: Conjure Flame
  2074 | D:2      | Found a shimmering blue altar of Sif Muna.
  2339 | D:3      | Found a stormy altar of Qazlal.
  2340 | D:3      | Noticed a water elemental
  2347 | D:3      | Reached XP level 5. HP: 32/38 MP: 3/9
  2862 | D:4      | Reached XP level 6. HP: 39/45 MP: 0/10
  2884 | D:4      | Reached skill level 5 in Fire Magic
  3037 | D:3      | Noticed an air elemental
  3104 | D:3      | Found a radiant altar of Vehumet.
  3112 | D:3      | Became a worshipper of Vehumet
  3131 | D:3      | Learned a level 4 spell: Sticky Flame
  3551 | D:3      | Noticed a fire elemental
  4156 | D:4      | Reached skill level 1 in Staves
  4156 | D:4      | Your scales start taking on a lurid green colour.
  4156 | D:4      | Reached XP level 7. HP: 50/50 MP: 7/12
  4156 | D:4      | Gained mutation: Your system is resistant to poisons.
                  | (rPois) [Green Draconian growth]
  4338 | D:5      | Entered Level 5 of the Dungeon
  4433 | D:5      | Found a staircase to the Ecumenical Temple.
  4720 | D:5      | Found Noruruc's Antique Weapon Boutique.
  4754 | D:5      | Reached skill level 5 in Conjurations
  4756 | D:5      | Reached * piety under Vehumet
  4756 | D:5      | Offered knowledge of Magic Dart by Vehumet.
  5154 | D:5      | Found an ancient bone altar of Kikubaaqudgha.
  5504 | D:6      | HP: 2/50 [ogre/+0 giant club (26)]
  6434 | D:6      | Found a hide-covered altar of Uskayaw.
  6448 | D:6      | Reached XP level 8. HP: 57/57 MP: 9/14
  6729 | D:6      | Noticed a troll
  7157 | D:6      | Found an ornate altar of the Wu Jian Council.
  7422 | D:6      | Killed a troll
  8039 | D:7      | Reached XP level 9. HP: 48/62 MP: 0/16
  8105 | D:7      | Reached skill level 5 in Spellcasting
  8937 | D:8      | Found a glowing golden altar of the Shining One.
  9138 | D:8      | Noticed a two-headed ogre
  9144 | D:8      | Reached ** piety under Vehumet
  9144 | D:8      | Offered knowledge of Freeze by Vehumet.
  9150 | D:8      | Killed a two-headed ogre
 10137 | D:8      | Noticed Prince Ribbit
 10144 | D:8      | Killed Prince Ribbit
 10144 | D:8      | Reached XP level 10. HP: 69/69 MP: 13/19
 11113 | D:9      | Found a basalt altar of Yredelemnul.
 11221 | D:9      | Offered knowledge of Searing Ray by Vehumet.
 11323 | D:9      | Noticed a two-headed ogre
 11372 | D:9      | Killed a two-headed ogre
 11372 | D:9      | Reached skill level 10 in Fire Magic
 11623 | D:9      | Found a stormy altar of Qazlal.
 11999 | D:9      | Found a blossoming altar of Fedhas.
 12002 | D:9      | Found a snail-covered altar of Cheibriados.
 12025 | D:9      | Noticed Joseph
 12037 | D:9      | Killed Joseph
 12125 | D:9      | Learned a level 1 spell: Apportation
 12241 | D:9      | Found Map Cud's Magic Scroll Boutique.
 12244 | D:9      | Bought a scroll of summoning for 133 gold pieces
 12244 | D:9      | Bought a scroll of immolation for 49 gold pieces
 12244 | D:9      | Bought a scroll of magic mapping for 49 gold pieces
 12244 | D:9      | Bought a scroll of amnesia for 49 gold pieces
 12244 | D:9      | Bought a scroll of noise for 14 gold pieces
 12244 | D:9      | Bought a scroll of remove curse for 42 gold pieces
 12294 | D:9      | Reached skill level 10 in Conjurations
 12302 | D:9      | Reached *** piety under Vehumet
 12323 | D:9      | Slain by a yak

Illustrated notes

Levels and vault maps discovered:
D:1:      lightli_arrival_quake, layout_rooms, lemuel_flame_loot_1
D:2:      layout_rooms, lemuel_blue_sif_altar
D:3:      layout_basic, vehumet_crystals, nicolae_qazlal_style_of_elements
D:4:      layout_gridville, chequers_serial_rivers_small_b
D:5:      layout_basic, kiku_gazebo_garden_becter,
          minmay_temple_entry_statues_fountains, serial_shops,
          nicolae_shop_overgrown_old_shop
D:6:      layout_basic, eat_drink_and_be_merry_uskayaw, lemuel_doored_altar,
          nicolae_overflow_hidden_temple
D:7:      layout_basic
D:8:      layout_loops_ring, tso_altar, serial_bayou, serial_bayou_shore_a,
          serial_bayou_crossing, serial_bayou_lake_a, serial_bayou_pond_d,
          uniq_prince_ribbit1
D:9:      layout_basic, kennysheep_little_box,
          chequers_temple_overflow_statue_of_worship, serial_shops,
          kennysheep_mini_moat, basic_altar, uniq_joseph

Skill      XL: |  1  2  3  4  5  6  7  8  9 10 |
---------------+-------------------------------+-----
Conjurations   | 2 3 4 5 7 9 10 | 10.1
Fire Magic     | 4 5 6 7 9 10 | 10.5
Spellcasting   | 3 4 6 |  6.8
Staves         | 1 2 3 |  3.2
Dodging        | |  1.7
Stealth        | |  1.7

Action                   |  1- 3 |  4- 6 |  7- 9 | 10-12 || total
-------------------------+-------+-------+-------+-------++-------
Melee: Unarmed           |     7 |       |       |       ||     7
       Tailslap          |     3 |     5 |     9 |       ||    17
       Dagger            |    14 |       |       |       ||    14
       Quarterstaff      |       |    27 |    39 |    13 ||    79
 Cast: Foxfire           |    62 |   137 |   241 |    50 ||   490
       Conjure Flame     |       |       |     7 |     4 ||    11
       Sticky Flame      |       |       |    27 |    36 ||    63
 Abil: Breathe Noxious F |       |       |     1 |       ||     1
  Use: Scroll            |       |       |     1 |     2 ||     3
       Potion            |       |       |       |     1 ||     1
 Stab: Sleeping          |     1 |     1 |       |       ||     2
Armor: Skin              |     8 |    34 |    39 |    18 ||    99
Dodge: Dodged            |    27 |    38 |    62 |    25 ||   152

Table legend: (Time is in decaauts)
 A = Elapsed time spent in this place.
 B = Non-inter-level travel time spent in this place.
 C = Inter-level travel time spent in this place.
 D = Time resting spent in this place.
 E = Time spent auto-exploring this place.
 F = Levels seen in this place.
 G = Mean time per level.
                   A        B        C        D        E       F      G
               +--------+--------+--------+--------+--------+-----+--------+
         Total |  12421 |  11889 |    532 |   3583 |   5578 |   9 | 1380.1 |
       Dungeon |  12421 |  11889 |    532 |   3583 |   5578 |   9 | 1380.1 |
               +--------+--------+--------+--------+--------+-----+--------+

Top non-repeatable levels by time:
     D:8: 2193 daAuts
     D:5: 2060 daAuts
     D:1: 1480 daAuts
     D:9: 1362 daAuts
     D:6: 1265 daAuts
     D:7: 1188 daAuts
     D:4: 1131 daAuts
     D:3: 912 daAuts
     D:2: 826 daAuts
